 Dungeon Crawl Stone Soup version 0.25.1-2-g60ff931df9 (webtiles) character file.

Game seed: 5067061228080857403

166180 Johnny the Earth Mage (level 16, -9/134 HPs)
             Began as a Demigod Earth Elementalist on Sept 28, 2020.
             Shot with an arrow by a deep elf archer (10 damage)
             ... on level 3 of the Elven Halls.
             The game lasted 00:57:59 (37047 turns).

Johnny the Earth Mage (Demigod Earth Elementalist) Turns: 37047, Time: 00:58:00

Health: -9/134     AC: 18    Str: 15    XL:     16   Next: 74%
Magic:  34/48      EV: 12    Int: 41    God:
Gold:   1901       SH: 10    Dex: 16    Spells: 20/41 levels left

rFire    + . .     SeeInvis .   v - staff of energy
rCold    + . .     Gourm    .   u - +2 buckler of the Ditch-Digger {rPois rC- Int+9}
rNeg     . . .     Faith    .   U - +2 robe {rC+ rF+}
rPois    +         Spirit   .   L - +3 hat of Pondering {ponderous, MR+ MP+10 Int+5}
rElec    +         Reflect  .   k - +0 cloak
rCorr    .         Harm     .   q - +0 pair of gloves
MR       +....                  m - +2 pair of boots
Stlth    +++.......             J - amulet of the Disturbing Bones {RegenMP *Drain MR+ Str+4 Stlth+}
HPRegen  0.32/turn              S - +4 ring of protection
MPRegen  0.56/turn              H - ring of protection from cold

@: vulnerable, very slightly contaminated, invisible, slow
A: slimy green scales 1, dopey 1, high mp 1, electricity resistance
a: no special abilities


You were on level 3 of the Elven Halls.
You were completely stuffed.

You visited 5 branches of the dungeon, and saw 28 of its levels.
You also visited: Ossuary and Volcano.

You collected 2825 gold pieces.
You spent 924 gold pieces at shops.

Inventory:

Hand Weapons
 Y - the +12 spear "Esuplas" {venom, rElec MR+ Str+2}
   (You took it off a spriggan on level 5 of the Lair of Beasts)

   It poisons the flesh of those it strikes.
   It affects your strength (+2).
   It insulates you from electricity.
   It affects your resistance to hostile enchantments.
Missiles
 b - 291 stones (quivered)
 g - 3 throwing nets
Armour
 k - a +0 cloak (worn)
 m - a +2 pair of boots (worn)
 q - a +0 pair of gloves (worn)
 u - the +2 buckler of the Ditch-Digger (worn) {rPois rC- Int+9}
   (You acquired it on level 6 of the Dungeon)

   It affects your intelligence (+9).
   It makes you vulnerable to cold.
   It protects you from poison.
 L - the +3 hat of Pondering (worn) {ponderous, MR+ MP+10 Int+5}
   (You took it off Gastronok on level 8 of the Dungeon)

   It affects your intelligence (+5).
   It affects your resistance to hostile enchantments.
   It affects your magic capacity (+10).
 U - a +2 robe of resistance (worn)
Magical Staves
 v - an uncursed staff of energy (weapon)
 R - an uncursed staff of wizardry
Jewellery
 A - an uncursed ring of protection from magic
 H - a ring of protection from cold (right hand)
 J - the amulet of the Disturbing Bones (around neck) {RegenMP *Drain MR+ Str+4 Stlth+}
   (You found it on level 2 of the Lair of Beasts)

   [amulet of magic regeneration]

   It increases your magic regeneration.
   It affects your strength (+4).
   It affects your resistance to hostile enchantments.
   It causes draining when unequipped.
   It makes you more stealthy.
 M - an uncursed ring of see invisible
 S - a +4 ring of protection (left hand)
 Z - an uncursed ring of magical power
Wands
 E - a wand of flame (49)
 F - a wand of enslavement (1)
 G - a wand of polymorph (44)
 K - a wand of clouds (6)
 N - a wand of disintegration (17)
Scrolls
 a - 6 scrolls of immolation
 e - 8 scrolls of amnesia
 f - 2 scrolls of enchant armour
 i - a scroll of torment
 n - 11 scrolls of remove curse
 y - a scroll of magic mapping
 B - a scroll of acquirement
 P - 2 scrolls of fog
Potions
 c - a potion of magic {unknown}
 j - a potion of cancellation
 o - 7 potions of curing
 p - a potion of stabbing
 r - 4 potions of flight
 s - 4 potions of might
 t - 9 potions of lignification
 z - 4 potions of brilliance
 D - 10 potions of degeneration
 I - 5 potions of resistance
 V - 5 potions of berserk rage
Miscellaneous
 T - a tin of tremorstones (3/3)
Comestibles
 d - 25 rations


   Skills:
 + Level 10.0 Fighting
 - Level 1.7 Dodging
 - Level 1.7 Stealth
 + Level 13.1 Shields
 + Level 13.0 Spellcasting
 - Level 0.8 Transmutations
 * Level 18.8 Earth Magic


You had 20 spell levels left.
You knew the following spells:

 Your Spells              Type           Power        Failure   Level  Hunger
a - Sandblast             Erth           ######       0%          1    None
b - Stone Arrow           Conj/Erth      ######       1%          3    None
c - Lee's Rapid Deconstr  Erth           ########..   0%          5    None
d - Petrify               Tmut/Erth      #######.     1%          4    None
e - Iron Shot             Conj/Erth      #######...   3%          6    None
f - Blink                 Tloc           N/A          1%          2    None

Your spell library contained the following spells:

 Spells                   Type           Power        Failure   Level  Hunger
 Corona                   Hex            ####...      1%          1    None
 Foxfire                  Conj/Fire      ####         1%          1    None
 Magic Dart               Conj           ####         1%          1    None
 Call Imp                 Summ           ####....     1%          2    None
 Corpse Rot               Necr/Air       N/A          1%          2    None
 Ensorcelled Hibernation  Hex/Ice        ####..       1%          2    None
 Passwall                 Tmut/Erth      #######.     1%          2    None
 Slow                     Hex            ####....     1%          2    None
 Leda's Liquefaction      Hex/Erth       #######...   1%          4    None
 Bolt of Magma            Conj/Fire/Erth ######....   2%          5    None
 Confusing Touch          Hex            ####....     3%          3    None
 Conjure Flame            Conj/Fire      ####....     3%          3    None
 Dazzling Flash           Conj/Hex       ####..       3%          3    None
 Inner Flame              Hex/Fire       ####....     3%          3    None
 Mephitic Cloud           Conj/Pois/Air  ####....     3%          3    None
 Portal Projectile        Hex/Tloc       ####..       3%          3    None
 Tukima's Dance           Hex            ####....     3%          3    None
 Cause Fear               Hex            ####......   12%         4    None
 Sticky Flame             Conj/Fire      ####....     12%         4    None
 Fireball                 Conj/Fire      ####......   32%         5    None
 Iskenderun's Battlesphe  Conj/Chrm      ####....     32%         5    None
 Summon Forest            Summ/Tloc      ####......   32%         5    None
 Hydra Form               Tmut           ####......   78%         6    None
 Eringya's Noxious Bog    Tmut/Pois      ####......   83%         6    None
 Orb of Destruction       Conj           ####......   100%        7    None
 Spellforged Servitor     Conj/Summ      ####......   100%        7    None
 Summon Hydra             Summ           ####......   100%        7    None


Dungeon Overview and Level Annotations

Branches:
Dungeon (15/15)            Temple (0/1) D:6            Lair (6/6) D:8
 Shoals (0/4) Lair:2        Snake (2/4) Lair:3        Slime (0/5) Lair:5
    Orc (2/2) D:12            Elf (3/3) Orc:2        Vaults (0/5) D:14
Ossuary (visited)         Volcano (visited)
 Depths: D:15

Shops:
D:14 *   Orc:1 }   Orc:2 :}}[   Elf:1 %

Portals:
Trove: D:12 (give 2 scrolls of acquirement)


Innate Abilities, Weirdness & Mutations

You have an increased reservoir of magic. (+10% MP)
You are partially covered in slimy green scales. (AC +2)
You are dopey. (Int -2)
You are resistant to electric shocks. (rElec)


Message History

As you read the scroll of fear, it crumbles to dust.
You assume a fearsome visage.
The deep elf archer resists with almost no effort.
The deep elf annihilator gestures wildly while chanting.
The deep elf annihilator blinks!
The deep elf mage gives up.
The deep elf archer shoots an arrow.
The arrow hits you!
* * * LOW HITPOINT WARNING * * *
The deep elf annihilator mumbles some strange words.
The deep elf annihilator blinks!
Things that are here:
an arrow; a +0 short sword; an elf corpse You catch the helpless deep elf knight completely off-guard!
You hit the deep elf knight.
The deep elf knight is lightly wounded.
The deep elf knight hits you with a +0 short sword!
* * * LOW HITPOINT WARNING * * *
The deep elf death mage prays for help.
The deep elf archer shoots an arrow.
The arrow hits you!
You die...

#.. .#(. #..#
#..# #e## #..#
#...#####..#####
#..e(@)e..e....
######e(######
##(.## #e.##
#..eee#
#........
##..[<.###
#.###### #.#


You could see a deep elf annihilator (fleeing, vulnerable), a deep elf death
mage (fleeing, vulnerable), a deep elf archer (repels missiles), a deep elf
knight and a deep elf mage (fleeing, vulnerable).

Vanquished Creatures
  A deep elf blademaster (Elf:2)
  Gastronok (D:8)
  A deep elf elementalist (Elf:2)
  A deep elf demonologist (Elf:1)
  The ghost of Ribudoz the Blocker, a journeyman GnFi of Okawaru (Lair:5)
  3 dire elephants
  Snorg (Orc:1)
  A deep elf death mage (Elf:1)
  Erolcha (Orc:1)
  Harold (D:8)
  A yaktaur captain (D:14)
  3 naga warriors
  5 hydras
  2 centaur warriors (D:14)
  5 anacondas
  3 two-headed ogres
  26 dancing weapons
  A tengu warrior (D:14)
  5 orc high priests
  4 naga sharpshooters
  Urug (D:11)
  23 deep elf knights
  A spriggan berserker (Lair:5)
  Nergalle (Orc:1)
  2 shock serpents
  A wizard (D:9)
  9 deep elf archers
  A naga ritualist (Snake:1)
  An unseen horror (D:10)
  53 deep elf magi
  A lindwurm (Lair:5)
  5 large abominations (D:9)
  14 ugly things
  3 orc sorcerers
  5 oklob plants
  5 mana vipers
  7 slime creatures
  A cyclops (Orc:2)
  2 salamanders
  11 elephants
  Joseph (Lair:1)
  2 moths of wrath (Lair:5)
  A smoke demon (Volcano)
  2 naga magi
  2 molten gargoyles (Volcano)
  19 black mambas
  A torpor snail (Lair:3)
  2 kobold demonologists (D:11)
  Maggie (D:8)
  7 spiny frogs
  A gargoyle (D:13)
  7 rime drakes
  10 komodo dragons
  2 yaktaurs (D:14)
  3 red devils (Volcano)
  A meliai (D:14)
  8 trolls
  A hornet (Lair:5)
  Prince Ribbit (D:8)
  17 blink frogs
  A snapping turtle (Lair:2)
  7 dream sheep (Lair:6)
  7 hippogriffs
  2 air elementals (Elf:1)
  5 spriggans (Lair:5)
  2 fire elementals (Elf:2)
  6 wyverns
  10 basilisks
  5 water elementals
  40 yaks
  A human (D:9)
  A hungry ghost (D:8)
  2 steam dragons
  2 fire bats (Volcano)
  17 nagas
  17 water moccasins
  A soldier ant (Lair:2)
  10 porcupines
  A swamp drake (D:12)
  18 orc warriors
  7 black bears
  A hornet zombie (D:14)
  7 ice beasts
  6 sky beasts
  An eye of draining (D:13)
  3 phantoms
  A necrophage (D:6)
  15 ogres
  12 wolves
  12 centaurs
  15 crocodiles
  3 big kobolds
  An earth elemental (Elf:2)
  8 bullfrogs
  7 small abominations (D:9)
  A water moccasin skeleton (D:11)
  7 scorpions
  3 wights (D:14)
  42 killer bees
  3 howler monkeys (D:11)
  A bullfrog zombie (D:13)
  An electric eel (shapeshifter) (Elf:1)
  11 electric eels
  3 centaur zombies
  3 crimson imps
  4 lava snakes (Volcano)
  11 hounds
  2 jellies
  A quasit (D:9)
  34 orc priests
  A human zombie (Ossuary)
  4 centaur skeletons
  26 orc wizards
  Ijyb (D:4)
  Jessica (D:2)
  6 iguanas
  10 worker ants
  Natasha (thrice) (D:2)
  4 big kobold zombies (Ossuary)
  2 mummies (Ossuary)
  2 worker ant zombies
  Robin (D:2)
  3 gnolls (D:8)
  A river rat (Lair:2)
  14 adders
  6 shadow imps
  2 oozes
  2 adder skeletons
  2 adder zombies (Ossuary)
  3 worms (D:3)
  2 dart slugs
  12 leopard geckos
  57 orcs
  4 giant cockroaches
  12 goblins
  10 hobgoblins
  15 jackals
  11 quokkas
  A ball python (D:1)
  A ball python skeleton (D:5)
  7 bats
  7 frilled lizards
  2 goblin zombies (Ossuary)
  10 hobgoblin zombies (Ossuary)
  A jackal skeleton (D:6)
  26 kobolds
  8 kobold zombies (Ossuary)
  8 orc zombies (Ossuary)
  A quokka skeleton (D:4)
  A quokka zombie (D:5)
  5 rats (D:1)
  3 plants (Lair:6)
982 creatures vanquished.

Vanquished Creatures (others)
  A black mamba (Snake:1)
  An orc wizard (Orc:2)
  8 fungi
  28 plants
  6 toadstools (Lair:5)
44 creatures vanquished.

Grand Total: 1026 creatures vanquished

Notes
Turn   | Place    | Note
-------+----------+-------------------------------------------
     0 | D:1      | Johnny the Demigod Earth Elementalist began the quest for
                  | the Orb.
     0 | D:1      | Reached XP level 1. HP: 14/14 MP: 5/5
   169 | D:1      | Reached skill level 3 in Earth Magic
   264 | D:1      | Reached XP level 2. HP: 20/20 MP: 2/7
  1230 | D:2      | Noticed Jessica
  1243 | D:2      | Killed Jessica
  1243 | D:2      | Reached XP level 3. HP: 23/26 MP: 9/9
  1368 | D:2      | Noticed Natasha
  1375 | D:2      | Killed Natasha
  1375 | D:2      | Reached skill level 4 in Earth Magic
  1401 | D:2      | Reached XP level 4. HP: 26/33 MP: 10/10
  1519 | D:2      | Noticed Natasha
  1525 | D:2      | Killed Natasha
  1531 | D:2      | Noticed Natasha
  1537 | D:2      | Killed Natasha
  1908 | D:2      | Noticed Robin
  1929 | D:2      | Killed Robin
  1929 | D:2      | Reached XP level 5. HP: 38/38 MP: 0/12
  2193 | D:3      | Reached skill level 5 in Earth Magic
  2945 | D:3      | Found a shadowy altar of Dithmenos.
  3022 | D:3      | Found an ancient bone altar of Kikubaaqudgha.
  3028 | D:4      | Found a burning altar of Makhleb.
  3097 | D:4      | Noticed Ijyb
  3125 | D:4      | Gained mutation: You are resistant to electric shocks.
                  | (rElec) [potion of mutation]
  3125 | D:4      | Gained mutation: You are partially covered in slimy green
                  | scales. (AC +2) [potion of mutation]
  3141 | D:4      | Killed Ijyb
  3142 | D:4      | Reached XP level 6. HP: 18/45 MP: 0/14
  3331 | D:4      | Reached skill level 6 in Earth Magic
  3336 | D:4      | Learned a level 3 spell: Stone Arrow
  3525 | D:4      | Found a shimmering altar of Xom.
  4106 | D:5      | Entered Level 5 of the Dungeon
  4152 | D:5      | Reached XP level 7. HP: 41/50 MP: 0/16
  4564 | D:5      | Reached skill level 7 in Earth Magic
  5295 | D:5      | Learned a level 5 spell: Lee's Rapid Deconstruction
  5300 | D:5      | Learned a level 4 spell: Petrify
  5369 | D:6      | Found a staircase to the Ecumenical Temple.
  5440 | D:6      | Identified a scroll of acquirement
  5440 | D:6      | Acquired the +2 buckler of the Ditch-Digger {rPois rC-
                  | Int+9}
  5449 | D:6      | Reached skill level 5 in Spellcasting
  5449 | D:6      | Reached skill level 8 in Earth Magic
  5449 | D:6      | Reached XP level 8. HP: 48/57 MP: 16/19
  5452 | D:6      | Reached skill level 1 in Shields
  5573 | D:6      | Found a sand-covered staircase.
  5582 | Ossuary  | Entered an ossuary
  6789 | D:6      | Reached skill level 9 in Earth Magic
  7087 | D:7      | Noticed a hippogriff
  7101 | D:7      | Killed a hippogriff
  7190 | D:7      | Found a bloodstained altar of Trog.
  7694 | D:7      | Reached XP level 9. HP: 56/62 MP: 21/21
  7960 | D:8      | Reached skill level 10 in Earth Magic
  7994 | D:8      | Noticed Harold
  8002 | D:8      | Killed Harold
  8011 | D:8      | Noticed Prince Ribbit
  8023 | D:8      | Killed Prince Ribbit
  8035 | D:8      | Reached skill level 5 in Shields
  8155 | D:8      | Reached XP level 10. HP: 69/69 MP: 22/24
  8504 | D:8      | Found a sparkling altar of Nemelex Xobeh.
  8534 | D:8      | Noticed Maggie
  8540 | D:8      | Noticed Gastronok
  8547 | D:8      | Killed Maggie
  8560 | D:8      | Reached skill level 11 in Earth Magic
  8617 | D:8      | Killed Gastronok
  8700 | D:8      | Found a staircase to the Lair.
  8820 | D:8      | Found a shimmering blue altar of Sif Muna.
  8821 | D:8      | Found a blossoming altar of Fedhas.
  8919 | D:8      | Found a glowing silver altar of Zin.
  9353 | D:9      | You fall into a shaft and drop 2 floors!
  9358 | D:10     | Entered Level 10 of the Dungeon
 10081 | D:9      | Noticed a wizard
 10087 | D:9      | Killed a wizard
 10087 | D:9      | Reached skill level 12 in Earth Magic
 10118 | D:9      | Noticed a large abomination
 10123 | D:9      | Reached XP level 11. HP: 74/74 MP: 17/27
 10353 | D:10     | Noticed a two-headed ogre
 10364 | D:10     | Killed a two-headed ogre
 10425 | D:10     | Killed an unseen horror
 10679 | D:10     | Noticed a two-headed ogre
 10687 | D:10     | Killed a two-headed ogre
 11164 | D:11     | Noticed a four-headed hydra
 11177 | D:10     | Killed a four-headed hydra
 11212 | D:11     | Reached skill level 13 in Earth Magic
 11374 | D:11     | Noticed Urug
 11380 | D:11     | Killed Urug
 11985 | D:12     | Reached XP level 12. HP: 59/81 MP: 2/29
 12293 | D:12     | Found a portal to a secret trove of treasure.
 12524 | D:12     | Found a staircase to the Orcish Mines.
 12592 | Orc:1    | Entered Level 1 of the Orcish Mines
 12612 | Orc:1    | Noticed Erolcha
 12669 | Orc:1    | Killed Erolcha
 12673 | Orc:1    | Noticed Snorg
 12685 | Orc:1    | Killed Snorg
 12845 | Orc:1    | Reached skill level 14 in Earth Magic
 12904 | Orc:1    | Noticed Nergalle
 12912 | Orc:1    | Killed Nergalle
 13315 | Orc:2    | Entered Level 2 of the Orcish Mines
 13454 | Orc:2    | Found a staircase to the Elven Halls.
 13871 | Orc:2    | Gained mutation: You are dopey. (Int -2) [a neqoxec]
 14190 | Orc:2    | Reached skill level 1 in Fighting
 14473 | Orc:2    | Found Tushrux's Gadget Shoppe.
 14473 | Orc:2    | Found Nyenaom's Armour Shoppe.
 14474 | Orc:2    | Found Salanim's Gadget Emporium.
 14477 | Orc:2    | Found Burof's Book Emporium.
 14691 | Orc:2    | Bought a book of Power for 630 gold pieces
 14698 | Orc:2    | Learned a level 6 spell: Iron Shot
 14805 | Orc:1    | Found Ceebbaz's Gadget Boutique.
 15369 | D:13     | Reached skill level 10 in Spellcasting
 16450 | D:13     | Reached XP level 13. HP: 93/93 MP: 30/31
 17092 | D:14     | Found a gate to the Vaults.
 17330 | D:14     | Reached skill level 15 in Earth Magic
 17885 | D:14     | Reached skill level 10 in Shields
 18080 | D:14     | Found Ysaf's Assorted Antiques.
 18087 | D:14     | Bought a scroll of identify for 84 gold pieces
 18087 | D:14     | Bought a potion of lignification for 126 gold pieces
 18087 | D:14     | Bought a scroll of identify for 84 gold pieces
 18462 | D:15     | Entered Level 15 of the Dungeon
 18900 | Lair:1   | Entered Level 1 of the Lair of Beasts
 19004 | Lair:1   | Noticed Joseph
 19017 | Lair:1   | Killed Joseph
 20140 | Lair:2   | Got a clouded ruby amulet
 20694 | Lair:2   | Reached skill level 5 in Fighting
 21476 | Lair:2   | Identified the amulet of the Disturbing Bones {RegenMP
                  | *Drain MR+ Str+4 Stlth+} (You found it on level 2 of the
                  | Lair of Beasts)
 21682 | Lair:2   | Reached XP level 14. HP: 102/107 MP: 33/33
 22026 | Lair:2   | Found a staircase to the Shoals.
 22282 | Lair:3   | Found a runed translucent door.
 22294 | Lair:3   | Reached skill level 16 in Earth Magic
 22406 | Lair:3   | Found a staircase to the Snake Pit.
 25178 | Lair:5   | Found a transporter.
 25184 | Lair:5   | Found a transporter.
 25188 | Lair:5   | Learned a level 2 spell: Blink
 25192 | Lair:5   | Found a bloodstained altar of Trog.
 25296 | Lair:5   | Identified the +12 spear "Esuplas" {venom, rElec MR+ Str+2}
 25297 | Lair:5   | Identified the +8 morningstar of Dydd {antimagic, Dex+4}
 25297 | Lair:5   | Noticed Ribudoz's ghost (journeyman GnFi)
 25639 | Lair:5   | Found a staircase to the Slime Pits.
 25905 | Lair:5   | Found a runed translucent door.
 26562 | Lair:5   | Killed Ribudoz's ghost
 26673 | Lair:6   | Entered Level 6 of the Lair of Beasts
 26701 | Lair:6   | Got a smoking chain mail
 26742 | Lair:6   | Found a dark tunnel.
 26747 | Volcano  | Entered a volcano
 26960 | Volcano  | Found a radiant altar of Vehumet.
 27820 | Lair:6   | Identified the +4 chain mail of the Quahog {Dex+3} (You
                  | found it on level 6 of the Lair of Beasts)
 28850 | Lair:6   | Reached skill level 17 in Earth Magic
 28974 | Lair:6   | Reached XP level 15. HP: 108/118 MP: 22/35
 29391 | Lair:6   | Got a smoking granite ring
 29506 | Snake:1  | Entered Level 1 of the Snake Pit
 29789 | Snake:1  | Identified the ring of Othrer {*Tele MR+} (You found it on
                  | level 6 of the Lair of Beasts)
 29963 | Snake:1  | You fall into a shaft and drop 1 floor!
 30470 | Snake:2  | Found a glowing silver altar of Zin.
 33211 | Elf:1    | Entered Level 1 of the Elven Halls
 33942 | Elf:1    | Reached skill level 18 in Earth Magic
 34515 | Elf:1    | Reached XP level 16. HP: 119/132 MP: 36/37
 34842 | Elf:1    | Found Xenah's Food Shoppe.
 36285 | Elf:2    | Found a runed translucent door.
 36307 | Elf:2    | Found a runed translucent door.
 36459 | Elf:2    | Noticed a deep elf blademaster
 36864 | Elf:2    | Killed a deep elf blademaster
 36961 | Elf:2    | Reached skill level 10 in Fighting
 37026 | Elf:3    | Entered Level 3 of the Elven Halls
 37040 | Elf:3    | HP: 6/134 [deep elf death mage/+0 long sword (12)]
 37047 | Elf:3    | HP: 1/134 [deep elf knight/+0 short sword (8)]
 37047 | Elf:3    | Shot with an arrow by a deep elf archer

Illustrated notes

Levels and vault maps discovered:
D:1:      wander_arrival_lonely_grave, layout_loops_cross
D:2:      layout_basic, hangedman_abyss_or_decor_stabs, uniq_robin,
          uniq_jessica, uniq_natasha
D:3:      layout_loops_ring, overflow_temple_1_default, grunt_dithmenos_smoke,
          first_ration
D:4:      layout_loops_ring, old_standard_altar, bloody_makhleb, uniq_ijyb
D:5:      layout_basic, skrybe_limestone_x
D:6:      layout_basic, minmay_temple_entry_poolview,
          nicolae_ossuary_entry_plus, hangedman_decor_diamond_cutter
D:7:      layout_loops_cross, kennysheep_little_box,
          ebering_dispersal_statue_hall
D:8:      layout_rooms, nicolae_overflow_crystal_walls,
          gammafunk_temple_overflow_statue, erik_lair_island, basic_altar,
          minmay_lizard_king, uniq_gastronok, uniq_harold, uniq_prince_ribbit1,
          uniq_maggie
D:9:      layout_loops_cross, grunt_pizzeria, kennysheep_pointless_box,
          laboratory
D:10:     layout_small_grid
D:11:     layout_big_octagon, bh_walls_and_bars, uniq_urug
D:12:     layout_gridville, erik_orc_1, enter_trove_1
D:13:     layout_loops_cross, chequers_big_river, kennysheep_donut
D:14:     layout_basic, david_vaults_2, small_statue_intersection, serial_shops,
          shop
D:15:     hangedman_depths_entry_civil_slaughter, layout_cave_pools
Lair:1:   layout_cave_pods, fungi_pond_lemuel, uniq_joseph
Lair:2:   regret_index_combs_of_tragedy, layout_regular_city,
          minmay_shoals_entry_hut, st_stairs_3, minivault_26
Lair:3:   layout_gridlike, guppyfry_snake_entry_island,
          minmay_lair_oklob_bushes, serial_bayou_pond_d, pf_torpor_hydra
Lair:4:   layout_regular_city, serial_bayou_shore_b, wad_woods_river_01
Lair:5:   gammafunk_lair_enchanted_lake, layout_regular_city, slime_dummy,
          gammafunk_ghost_wrathful_warriors
Lair:6:   due_jungle_book, layout_gridlike, enter_volcano_4,
          kennysheep_basilisk_garden, minmay_lair_oklob_chamber,
          serial_bayou_shore_a
Snake:1:  layout_layer_cave
Snake:2:  layout_layer_cave, lemuel_oklob_altar
Orc:1:    layout_diamond_mine, serial_shops, shop_statue, uniq_nergalle,
          uniq_snorg, uniq_erolcha
Orc:2:    st_orc_mages, layout_diamond_mine
Elf:1:    eino_elf_arrival_the_gate, layout_rooms, serial_shops,
          nicolae_shop_waterfront, hangedman_elven_crosses_minicolossus,
          kilobyte_mutagenic_chamber
Elf:2:    layout_loops_cross
Elf:3:    minmay_elf_hall_statues, layout_rooms, serial_shops,
          nicolae_shop_trees, ebering_ghost_xom

Skill      XL: |  1  2  3  4  5  6  7  8  9 10 11 12 13 14 15 16 |
---------------+-------------------------------------------------+-----
Earth Magic    | 3 4 5 6 8 9 10 12 13 14 15 17 18 | 18.8
Spellcasting   | 2 3 4 5 6 7 9 10 11 12 13 | 13.0
Shields        | 3 5 6 8 9 10 11 12 13 | 13.1
Fighting       | 2 5 7 9 10 | 10.0
Dodging        | |  1.7
Stealth        | |  1.7
Transmutations | |  0.8

Action                   |  1- 3 |  4- 6 |  7- 9 | 10-12 | 13-15 | 16-18 || total
-------------------------+-------+-------+-------+-------+-------+-------++-------
Melee: Spear             |     5 |       |       |       |    71 |       ||    76
       Unarmed           |     5 |       |       |       |       |       ||     5
       Dagger            |    96 |   173 |   485 |   745 |   221 |       ||  1720
       Staff             |       |       |       |       |    11 |     8 ||    19
Throw: Stone             |       |       |     2 |       |     4 |       ||     6
 Cast: Sandblast         |    11 |    57 |    62 |    53 |   165 |     5 ||   353
       Stone Arrow       |       |    13 |    49 |   111 |    48 |       ||   221
       Lee's Rapid Decon |       |       |     4 |    86 |   118 |   118 ||   326
       Petrify           |       |       |       |     8 |     2 |       ||    10
       Iron Shot         |       |       |       |       |   292 |     4 ||   296
Evoke: Wand              |       |       |    11 |    22 |    36 |     1 ||    70
       Tin of tremorston |       |       |       |       |     3 |       ||     3
  Use: Scroll            |       |     5 |     8 |    13 |    32 |    18 ||    76
       Potion            |       |     5 |       |     2 |     8 |     8 ||    23
 Stab: Sleeping          |     4 |     4 |     9 |     1 |     8 |       ||    26
       Paralysed         |       |       |     2 |       |       |       ||     2
       Distracted        |       |       |     1 |     1 |     1 |       ||     3
       Confused          |       |       |     1 |       |       |       ||     1
       Petrified         |       |       |       |     3 |       |       ||     3
       Petrifying        |       |       |       |     1 |       |       ||     1
       Invisible         |       |       |       |       |       |     1 ||     1
  Eat: Chunk             |     2 |     9 |    10 |    34 |    56 |     7 ||   118
       Ration            |       |       |     1 |       |     9 |     3 ||    13
Armor: Robe              |    20 |    61 |   236 |    45 |   212 |    16 ||   590
       Troll leather arm |       |       |       |   331 |       |       ||   331
Dodge: Dodged            |    61 |    95 |   309 |   421 |   297 |    13 ||  1196
Block: Buckler           |       |       |    73 |   336 |   278 |    26 ||   713
